 Dungeon Crawl Stone Soup version 0.23-a0-38-g6d804a8 (webtiles) character file.

151 SeniorJSONDeveloper the Firebug (level 5, -7/49 HPs)
             Began as an Ogre Fire Elementalist on Aug 5, 2018.
             Mangled by an ogre
             ... wielding a +0 giant club
              (24 damage)
             ... on level 4 of the Dungeon.
             The game lasted 00:05:59 (2680 turns).

SeniorJSONDeveloper the Firebug (OgFE)              Turns: 2680, Time: 00:06:00

Health: -7/49      AC:  3    Str: 12    XL:     5   Next: 33%
Magic:  9/9        EV: 10    Int: 17    God:
Gold:   104        SH:  0    Dex:  9    Spells: 3/10 levels left

rFire    . . .     SeeInvis .   g - +2 short sword (venom)
rCold    . . .     Gourm    .   (no shield)
rNeg     . . .     Faith    .   a - +0 robe
rPois    +         Spirit   .   (helmet restricted)
rElec    .         Reflect  .   (no cloak)
rCorr    .         Harm     .   (gloves unavailable)
MR       .....                  (boots unavailable)
Stlth    ++........             (no amulet)
HPRegen  0.16/turn              e - ring of poison resistance
MPRegen  0.11/turn              m - ring of flight

@: no status effects
A: large, unfitting armour, tough skin 1
a: Evoke Flight


You were on level 4 of the Dungeon.
You were not hungry.

You visited 1 branch of the dungeon, and saw 4 of its levels.

You collected 104 gold pieces.

Inventory:

Hand Weapons
 d - a +1 flail
 g - a +2 short sword of venom (weapon)
Armour
 a - a +0 robe (worn)
Jewellery
 e - a ring of poison resistance (left hand)
 i - an uncursed ring of protection from cold
 m - a ring of flight (right hand)
Scrolls
 b - a scroll of enchant armour {unknown}
 f - a scroll of enchant weapon
 j - 2 scrolls of remove curse {unknown}
 l - a scroll of fog {unknown}
Potions
 h - a potion of magic {unknown}
Comestibles
 c - 5 rations
 k - 2 chunks of flesh


   Skills:
 + Level 2.0 Fighting
 + Level 1.2 Maces & Flails
 + Level 2.3 Dodging
 + Level 2.0 Stealth
 + Level 3.1 Spellcasting
 + Level 1.9 Conjurations
 + Level 3.2 Fire Magic


You had 3 spell levels left.
You knew the following spells:

 Your Spells              Type           Power        Failure   Level  Hunger
a - Flame Tongue          Conj/Fire      ##...        6%          1    None
b - Throw Flame           Conj/Fire      ##....       9%          2    ##.....
c - Sticky Flame          Conj/Fire      ##......     52%         4    ####...

Your spell library contained the following spells:

 Spells                   Type           Power        Failure   Level  Hunger
 Fireball                 Conj/Fire      ##........   86%         5    ######.
 Conjure Flame            Conj/Fire      ##......     19%         3    ###....
 Inner Flame              Hex/Fire       #.......     26%         3    ###....


Dungeon Overview and Level Annotations

Branches:
Dungeon (4/15)
 Temple: D:4-7

Altars:
Ashenzari
Elyvilon
Uskayaw

Shops:
D:4 =

Annotations:
D:3 Sigmund


Innate Abilities, Weirdness & Mutations

You are too large for most types of armour.
You have tough skin. (AC +1)


Message History

The orc barely misses you.
You barely miss the ogre.
The ogre is severely wounded.
The ogre hits you with a giant club!
* * * LOW HITPOINT WARNING * * *
Found 7 needles of confusion.
The ogre looks more healthy.
The ogre barely misses you.
Found a knobbly glowing staff.
Found a scroll labeled KEARRA LIRUVE.
Found 17 gold pieces and a scroll labeled GIYBRI MOAGYL.
A worker ant comes into view.
Found a coppery potion.
The worker ant twitches its antennae in your direction.
A jackal comes into view.
The jackal barks!
You hit the ogre.
The ogre is poisoned.
The ogre is almost dead.
The ogre hits you with a giant club!!
You die...

#... ######## ##... #... #......#
##.... .. #...#####
#......#####..... ... #.......#
#......#......... ...#
#....##.###................
....##.....#...#......#.........
#...h####.###.#......#.........
#.................).#......... #
###......h..O@................
#.#.......a..###..[.............
.#..(...####..#####....#.........
..........###..## ..####.........
...###..#....#..# .## .#....).
....###..###.#.a# .# ..#....
........####!.#.#.### ..##...
###|.......##........ ###.
########.##...?.... #..


You could see an ogre, a worker ant and a jackal.

Vanquished Creatures
  Terence (D:1)
  A hound skeleton (D:2)
  4 adders
  4 worms (D:2)
  A dart slug (D:1)
  2 leopard geckos (D:1)
  2 orcs
  4 giant cockroaches
  11 goblins
  5 hobgoblins
  2 jackals (D:1)
  2 ball pythons
  8 bats
  5 frilled lizards
  3 kobolds
  8 rats
63 creatures vanquished.

Notes
Turn   | Place    | Note
-------+----------+-------------------------------------------
     0 | D:1      | SeniorJSONDeveloper the Ogre Fire Elementalist began the quest for the Orb.
     0 | D:1      | Reached XP level 1. HP: 16/16 MP: 3/3
    44 | D:1      | Reached skill level 1 in Conjurations
   239 | D:1      | Reached XP level 2. HP: 23/26 MP: 5/5
   458 | D:1      | Found a shattered altar of Ashenzari.
   977 | D:2      | Noticed Terence
   982 | D:1      | Reached XP level 3. HP: 13/32 MP: 4/7
  1185 | D:2      | Reached skill level 1 in Fighting
  1310 | D:1      | Killed Terence
  1573 | D:2      | Reached XP level 4. HP: 39/41 MP: 8/8
  1775 | D:2      | Reached skill level 1 in Maces & Flails
  1798 | D:2      | Found a white marble altar of Elyvilon.
  1923 | D:2      | Reached XP level 5. HP: 42/49 MP: 5/9
  1927 | D:2      | Learned a level 2 spell: Throw Flame
  1932 | D:2      | Learned a level 4 spell: Sticky Flame
  2455 | D:3      | Noticed Sigmund
  2469 | D:4      | Found Zuud's Jewellery Boutique.
  2469 | D:4      | Found a hide-covered altar of Uskayaw.
  2614 | D:4      | Noticed an ogre
  2680 | D:4      | Mangled by an ogre

Vault maps used:
D:1:      minmay_arrival_open_corners, hangedman_feature_mirror,
          ashenzari_altar_1
D:2:      lemuel_doored_altar, uniq_terence
D:3:      kennysheep_the_goblin_king, first_ration, uniq_robin,
          uniq_crazy_yiuf_cottage, uniq_sigmund
D:4:      nicolae_overflow_hidden_temple, serial_shops, shop

Skill      XL: |  1  2  3  4  5 |
---------------+----------------+-----
Conjurations   | 1 |  1.9
Fighting       | 1 2 |  2.0
Dodging        | 2 |  2.3
Fire Magic     | 3 |  3.2
Maces & Flails | 1 |  1.2
Spellcasting   | 3 |  3.1
Stealth        | 2 |  2.0

Action                   |  1- 3 |  4- 6 || total
-------------------------+-------+-------++-------
Melee: Mace              |    29 |       ||    29
       Short sword       |    20 |    94 ||   114
 Cast: Flame Tongue      |    26 |     3 ||    29
  Use: Scroll            |     2 |       ||     2
 Stab: Sleeping          |     1 |     2 ||     3
       Distracted        |       |     1 ||     1
  Eat: Chunk             |     2 |     4 ||     6
Armor: Robe              |    19 |    30 ||    49
Dodge: Dodged            |    31 |    64 ||    95

Table legend:
 A = Spawn XP
 B = Non-spawn XP
 C = Spawn XP percentage of total XP
 D = Spawn monster count
 E = Non-spawn monster count
 F = Spawn count percentage of total count
 G = Total turns spent on level
                    A         B        C        D         E        F      G
               +---------+---------+-------+---------+---------+-------+---------
         Total |       0 |     216 |   0.0 |       0 |      63 |   0.0 |  2680
               +---------+---------+-------+---------+---------+-------+---------
           D:1 |       0 |      75 |   0.0 |       0 |      22 |   0.0 |  1462
           D:2 |       0 |     107 |   0.0 |       0 |      28 |   0.0 |   796
           D:3 |       0 |      17 |   0.0 |       0 |      10 |   0.0 |   211
           D:4 |       0 |      17 |   0.0 |       0 |       3 |   0.0 |   211
               +---------+---------+-------+---------+---------+-------+---------
